 Dungeon Crawl Stone Soup version 0.29.0-3-gbb0933ed62 (webtiles) character file.

Game seed: 15122921979322492663

84 Iusername the Covered (level 4, -1/40 HPs)
             Began as a Minotaur Fighter on Aug 25, 2022.
             Slain by a hobgoblin (5 damage)
             ... led by Robin
             ... on level 2 of the Dungeon.
             The game lasted 00:01:57 (1597 turns).

Iusername the Covered (Minotaur Fighter)            Turns: 1597, Time: 00:01:58

Health: -1/40      AC:  8    Str: 21    XL:     4   Next: 23%
Magic:  3/3        EV:  9    Int:  5    God:
Gold:   49         SH:  4    Dex: 11    Spells: 3/3 levels left

rFire   . . .      SeeInvis .   i - +2 whip (freeze)
rCold   . . .      Faith    .   c - +0 buckler
rNeg    . . .      Spirit   .   b - +0 scale mail
rPois   .          Reflect  .   (helmet restricted)
rElec   .          Harm     .   (no cloak)
rCorr   .          Rampage  .   (no gloves)
Will    .....                   l - +0 pair of boots
Stlth   ..........              o - amulet of regeneration
HPRegen 0.93/turn               (no ring)
MPRegen 0.08/turn               (no ring)

@: mighty
A: horns 2, retaliatory headbutt
a: no special abilities


You were on level 2 of the Dungeon.
You visited 1 branch of the dungeon, and saw 2 of its levels.

You collected 49 gold pieces.

Inventory:

Hand Weapons
 a - a +0 long sword
 i - a +2 whip of freezing (weapon)
Armour
 b - a +0 scale mail (worn)
 c - a +0 buckler (worn)
 l - a +0 pair of boots (worn)
Jewellery
 o - an amulet of regeneration (around neck)
Scrolls
 f - 2 scrolls of enchant armour {unknown}
 h - 2 scrolls of noise {unknown}
 j - a scroll of acquirement {unknown}
 k - a scroll of magic mapping {unknown}
 m - a scroll of amnesia {unknown}
 n - a scroll of fog {unknown}
Potions
 e - 2 potions of brilliance {unknown}
 g - a potion of flight {unknown}


   Skills:
 + Level 3.9 Fighting
 + Level 2.6 Long Blades
 + Level 1.1 Maces & Flails
 + Level 5.0 Armour
 + Level 1.1 Dodging
 + Level 0.3 Stealth
 + Level 4.0 Shields


You had 3 spell levels left.
You didn't know any spells.
Your spell library was empty.

Dungeon Overview and Level Annotations

Branches:
Dungeon (2/15)

Altars:


Innate Abilities, Weirdness & Mutations

You have a pair of horns on your head.
You reflexively headbutt those who attack you in melee.


Message History

You whack the goblin! You freeze the goblin.
You kill the goblin!
Robin throws the goblin at you! The goblin hits you but does no damage.
You block the goblin's attack.
A hobgoblin comes into view.
The hobgoblin shouts!
Robin roars a battlecry!
The goblins go into a battle-frenzy!
The goblin hits you with a +3 dagger of protection.
The goblin hits you but does no damage.
Things that are here:
a +0 club; a +0 dagger of venom You closely miss the goblin.
Your headbutt misses the goblin. Robin hits you but does no damage.
The goblin hits you but does no damage. The goblin hits you with a +0 dagger.
Unknown command.
Unknown command.
Unknown command.
You whack the goblin! You freeze the goblin.
You kill the goblin!
The goblin hits you with a +3 dagger of protection.
* * * LOW HITPOINT WARNING * * *
Robin barely misses you.
You closely miss Robin.
The goblin hits you with a +3 dagger of protection.
* * * LOW HITPOINT WARNING * * *
Robin hits you with a +0 club.
* * * LOW HITPOINT WARNING * * *
You whack Robin! You freeze Robin. Your headbutt misses Robin.
Robin is almost dead.
Robin hits you with a +0 club.
* * * LOW HITPOINT WARNING * * *
The goblin closely misses you.
You whack Robin! You freeze Robin.
You kill Robin!
The hobgoblin hits you but does no damage.
The goblin barely misses you.
Your Dodging skill increases to level 1!
The hobgoblin hits you.
You die...

#### ### ... ..# #.#
#..## #.# ###...#######
..# ### #...#....... .
..####...##.#.....#.#...
...............#@g......
.....#... #.#..)g)#.#.#.
.........##....).)....#
.....###.......#†....##
..#### #######.####.##
..# #.# .# ..# ##.## .
#'## #...## ## .†.##
##.###.##


You could see a hobgoblin (strong) and a goblin (strong).

Vanquished Creatures
  Terence (D:2)
  Robin (D:2)
  A gnoll (D:1)
  A worm (D:2)
  2 endoplasms
  A giant cockroach (D:1)
  10 goblins (D:2)
  2 hobgoblins (D:2)
  A quokka (D:1)
  4 ball pythons
  4 bats (D:1)
  A frilled lizard (D:1)
  3 kobolds (D:1)
  A rat (D:1)
33 creatures vanquished.

Vanquished Creatures (others)
  A fungus (D:1)
  A plant (D:1)
2 creatures vanquished.

Grand Total: 35 creatures vanquished

Notes
Turn   | Place    | Note
-------+----------+-------------------------------------------
     0 | D:1      | Iusername the Minotaur Fighter began the quest for the Orb.
     0 | D:1      | Reached XP level 1. HP: 19/19 MP: 0/0
   256 | D:1      | Reached skill level 4 in Armour
   282 | D:1      | Reached XP level 2. HP: 25/26 MP: 1/1
  1208 | D:1      | Found a faded altar of an unknown god.
  1438 | D:2      | Reached XP level 3. HP: 23/33 MP: 2/2
  1578 | D:2      | Noticed Terence
  1587 | D:2      | Noticed Robin
  1588 | D:2      | Killed Terence
  1589 | D:2      | Reached skill level 1 in Maces & Flails
  1589 | D:2      | Reached skill level 5 in Armour
  1589 | D:2      | Reached XP level 4. HP: 16/40 MP: 3/3
  1595 | D:2      | HP: 2/40 [Robin/+0 club (4)]
  1596 | D:2      | Killed Robin
  1597 | D:2      | Reached skill level 1 in Dodging
  1597 | D:2      | Slain by a hobgoblin

Illustrated notes

Levels and vault maps discovered:
D:1:      psy_arrival_statuary, layout_loops_ring,
          shapermc_ecumenical_altar_petra
D:2:      layout_loops_corners, dk_vineyard_2, minmay_misc_feat_five,
          uniq_robin, uniq_terence

Skill      XL: |  1  2  3  4 |
---------------+-------------+-----
Armour         | 4 5 |  5.0
Maces & Flails | 1 |  1.1
Shields        | 4 |  4.0
Dodging        | 1 |  1.1
Fighting       | |  3.9
Long Blades    | |  2.6
Stealth        | |  0.3

Action                   |  1- 3 |  4- 6 || total
-------------------------+-------+-------++-------
Melee: Long sword        |    17 |       ||    17
       Headbutt          |     8 |       ||     8
       Whip              |    48 |     7 ||    55
  Use: Potion            |     1 |       ||     1
Armor: Scale mail        |    51 |     7 ||    58
Dodge: Dodged            |    33 |     4 ||    37
Block: Buckler           |    17 |     2 ||    19
